Map: 10000 Feet LE

Players

Barni - Winner!

  • Race: Zerg Zerg
  • League: Master
  • Spawn Location: 11:00

Geri

  • Race: Terran Terran
  • Spawn Location: 5:00

VOD

Have the link to the VOD?

Description

Time

  • Played on: Jan. 28, 2026, 3:41 p.m.
  • Length: 11:26
Show
View Real Time Build Order
Export as new Build Order

Barni Zerg - Winner!

Build Orders: Hatch First 

Get SALT Encoding   

  12  0:01  Drone  
  13  0:12  Overlord  
  13  0:16  Drone  
  14  0:30  Drone x2  
  14  0:34  Drone  
  17  0:54  Hatchery  
  17  0:56  Drone  
  17  0:59  Drone  
  17  1:02  Extractor  
  17  1:15  Spawning Pool  
  17  1:18  Drone  
  17  1:22  Drone  
  18  1:28  Drone  
  19  1:39  Overlord  
  19  1:49  Drone  
  20  2:05  Queen  
  20  2:06  Queen  
  20  2:07  Zergling x2  
  20  2:08  Zergling x2  
  26  2:12  Drone  
  27  2:16  Metabolic Boost  
  27  2:19  Drone  
  27  2:22  Drone  
  29  2:31  Drone  
  29  2:33  Drone  
  31  2:38  Drone  
  32  2:50  Hatchery  
  31  2:52  Overlord  
  31  3:05  Drone x4  
  35  3:10  Overlord  
  35  3:14  Lair  
  33  3:35  Drone x2  
  33  3:36  Drone x2  
  33  3:38  Zergling x8  
  33  3:40  Overlord  
  41  3:45  Baneling Nest  
  41  3:48  Extractor, Drone  
  39  3:53  Drone  
  41  3:59  Drone  
  42  4:04  Queen  
  42  4:07  Drone  
  42  4:08  Drone x4  
  49  4:10  Drone x2  
  49  4:11  Drone  
  49  4:16  Evolution Chamber  
  51  4:18  Evolution Chamber  
  51  4:21  Zergling x2  
  51  4:22  Zergling x4  
  53  4:27  Queen  
  53  4:31  Centrifugal Hooks  
  55  4:38  Zergling x8  
  56  4:39  Zergling x2  
  60  4:48  Zerg Melee Weapons Level 1  
  60  4:53  Zerg Ground Armor Level 1  
  60  4:56  Baneling  
  60  5:02  Drone x5  
  60  5:04  Overlord  
  60  5:05  Overlord  
  65  5:08  Overlord  
  65  5:20  Drone  
  66  5:21  Queen  
  66  5:22  Overlord x3  
  66  5:24  Drone x3  
  66  5:25  Drone  
  72  5:35  Hatchery  
  62  5:43  Zergling x16  
  62  5:44  Zergling x2  
  66  5:51  Zergling x10  
  54  6:04  Queen  
  54  6:07  Zergling x2, Drone x6  
  54  6:10  Baneling x3  
  54  6:11  Baneling  
  62  6:17  Drone x2  
  64  6:28  Queen  
  64  6:31  Drone  
  64  6:32  Drone x3  
  70  6:38  Zergling x14  
  77  6:40  Baneling x4  
  77  6:41  Baneling  
  77  6:45  Drone x3  
  80  6:47  Zergling x2  
  80  6:52  Zerg Melee Weapons Level 2  
  81  6:56  Zerg Ground Armor Level 2  
  81  7:00  Queen  
  83  7:05  Overlord  
  83  7:07  Zergling x8  
  87  7:19  Zergling x2  
  87  7:20  Zergling x20  
  98  7:23  Baneling x4  
  98  7:24  Baneling x2  
  98  7:25  Baneling x3  
  98  7:38  Drone x2  
  98  7:43  Extractor  
  99  7:45  Extractor  
  99  7:47  Baneling x3  
  99  7:48  Baneling x2  
  85  8:10  Zergling x18  
  85  8:11  Zergling x22  
  90  8:41  Zergling x26  
  88  8:45  Drone  
  88  8:46  Drone x2  
  75  8:58  Drone x3  
  75  8:59  Drone x2  
  78  9:07  Hatchery  
  77  9:11  Hydralisk Den, Zerg Missile Weapons Level 1  
  77  9:14  Spire  
  76  9:21  Hatchery  
  75  9:26  Zergling x24  
  75  9:28  Baneling x3  
  75  9:29  Baneling x6  
  75  9:30  Baneling x4  
  75  9:31  Zergling x10  
  88  9:42  Zergling x10  
  72  9:53  Zergling x6  
  68  10:01  Baneling  
  68  10:02  Baneling x6  
  68  10:03  Zergling x6  
  71  10:13  Zergling x20  
  68  10:29  Zergling x12  
  68  10:34  Hatchery  
  74  10:35  Drone  
  72  10:44  Queen  
  72  10:48  Zergling x18  
  83  10:51  Drone  
  83  10:54  Baneling x6  
  83  10:55  Baneling x4  
Show
View Real Time Build Order
Export as new Build Order

Geri Terran 

Build Orders:  

Get SALT Encoding   

  12  0:00  SCV  
  13  0:12  SCV  
  14  0:17  Supply Depot  
  14  0:25  SCV  
  15  0:29  Refinery  
  15  0:39  SCV  
  16  0:46  Barracks  
  16  0:51  SCV  
  17  1:03  SCV  
  18  1:15  SCV  
  19  1:27  SCV  
  20  1:36  Command Center  
  20  1:39  Barracks Reactor  
  20  1:54  Orbital Command  
  20  2:11  Barracks  
  20  2:15  Marine x2  
  20  2:22  SCV  
  23  2:30  Supply Depot  
  23  2:35  Supply Depot  
  23  2:47  Marine x2  
  23  2:48  SCV  
  26  3:00  SCV  
  26  3:04  Barracks Tech Lab  
  27  3:06  Marine x2  
  27  3:07  Barracks  
  29  3:16  Bunker  
  29  3:19  SCV x2  
  31  3:31  SCV x2  
  31  3:32  Stimpack  
  33  3:35  Supply Depot  
  33  3:43  SCV  
  33  3:47  Orbital Command, Supply Depot  
  34  3:50  Marine  
  34  3:51  Marine  
  34  3:54  Marine  
  37  3:56  Barracks Tech Lab  
  37  4:07  Factory, Marine  
  37  4:08  SCV  
  39  4:11  Marine  
  39  4:15  SCV  
  41  4:18  Marine x2  
  41  4:20  SCV  
  41  4:21  Combat Shield  
  44  4:27  Marine, SCV  
  44  4:29  Marine  
  47  4:32  SCV  
  47  4:35  Marine  
  47  4:36  Marine  
  50  4:39  SCV  
  50  4:43  Supply Depot  
  50  4:44  SCV  
  50  4:45  Marine  
  53  4:46  Marine  
  54  4:52  Engineering Bay  
  54  4:53  Marine, Factory Reactor  
  54  4:54  Marine  
  54  4:58  Starport  
  54  4:59  SCV  
  57  5:02  Marine  
  57  5:04  Marine  
  59  5:09  SCV  
  59  5:11  Marine, SCV  
  59  5:12  Marine  
  63  5:20  Marine  
  63  5:21  Refinery, SCV  
  64  5:22  Marine  
  64  5:23  SCV  
  67  5:29  Marine  
  67  5:32  Marine  
  67  5:33  Command Center, SCV  
  70  5:35  SCV  
  70  5:38  Marine  
  64  5:46  SCV, Marine  
  64  5:47  Marine  
  66  5:50  Marine  
  66  5:56  Marine  
  63  6:04  Marine x2  
  63  6:08  Marine  
  63  6:14  Marine, Bunker  
  62  6:22  Marine x2, Terran Infantry Weapons Level 1  
  62  6:24  Engineering Bay  
  64  6:26  Marine  
  64  6:29  Medivac x2  
  64  6:30  Barracks, Factory Tech Lab  
  69  6:34  Marine  
  69  6:37  SCV x2  
  69  6:39  Marine  
  72  6:40  Marine  
  72  6:43  Marine  
  72  6:44  Concussive Shells  
  75  6:50  SCV  
  75  6:52  Marine  
  75  6:53  SCV  
  75  6:54  Refinery  
  78  6:57  Marine  
  78  6:58  Marine  
  80  7:05  Orbital Command  
  80  7:06  Marine  
  81  7:10  Marine  
  81  7:15  Marine  
  81  7:16  Marine  
  81  7:19  Supply Depot  
  81  7:20  SCV x2  
  81  7:21  Barracks Reactor  
  85  7:23  Barracks  
  85  7:24  Marine  
  85  7:27  Barracks  
  85  7:28  Marine  
  85  7:29  Orbital Command  
  87  7:32  SCV x2  
  87  7:36  Command Center  
  89  7:39  Siege Tank  
  89  7:44  SCV  
  93  7:45  SCV  
  93  7:46  Marine x4  
  98  7:56  SCV  
  99  8:04  Marine x2  
  85  8:06  Marine x2  
  85  8:12  Siege Tank, Marine  
  68  8:13  Marine x2  
  71  8:21  Marine  
  71  8:22  Marine x2  
  71  8:24  Marine x2  
  50  8:30  Marine x2  
  50  8:31  Marine  
  42  8:39  Marine x2  
  42  8:40  Marine  
  42  8:41  Marine  
  42  8:42  Marine  
  42  8:48  Marine x3  
  44  8:57  Marine x3  
  44  8:59  Marine x2  
  49  9:03  SCV x2  
  49  9:06  Marine x3  
  54  9:15  SCV, Marine  
  56  9:18  Marine x3  
  59  9:31  Marine x2  
  61  9:46  Marine  
  61  9:47  Marine x3  
  61  9:48  Marine x2  
  61  9:49  Marine x2  
  33  10:04  Marine x2  
  33  10:05  Marine x3  
  38  10:15  Marine x3  
  30  10:26  Marine x2  
  29  10:31  Marine  
  28  10:43  Marine  
  28  10:44  Marine x2  
  28  10:49  Marine  
Tags
 
League
Master
Matchup
TvZ
Spawn Locations
Cross Positions
Add a new tag
Caveats
  • Supply blocks, unpowered buildings, or Contaminate may cause inaccurate times.
  • Supply counts are checked every 10 seconds.